 Dungeon Crawl Stone Soup version 0.27.1-2-g3b301248ec (webtiles) character file.

Game seed: 9788456669171395189

161 AZSletch the Ruffian (level 5, -1/42 HPs)
             Began as a Draconian Transmuter on Oct 1, 2021.
             Slain by an ice beast (11 damage)
             ... on level 3 of the Dungeon.
             The game lasted 00:08:33 (2344 turns).

AZSletch the Ruffian (Draconian Transmuter)         Turns: 2344, Time: 00:08:35

Health: -1/42      AC:  5    Str: 14    XL:     5   Next: 19%
Magic:  0/9        EV: 12    Int: 13    God:
Gold:   61         SH:  0    Dex: 11    Spells: 6/9 levels left

rFire    + . .     SeeInvis .   b - +0 spear (vorpal)
rCold    . . .     Faith    .   (no shield)
rNeg     . . .     Spirit   +   (armour unavailable)
rPois    .         Reflect  .   (helmet currently unavailable)
rElec    .         Harm     .   (no cloak)
rCorr    .         Rampage  .   (no gloves)
Will     .....                  (boots currently unavailable)
Stlth    +.........             d - amulet of guardian spirit
HPRegen  0.14/turn              c - ring of protection from fire
MPRegen  0.11/turn              (no ring)

@: appendages (expiring), wereblooded
A: horns 2, talons 2, AC +5, unfitting armour, cold-blooded
a: End Transformation


You were on level 3 of the Dungeon.
You had temporarily grown beastly horns and talons.
You visited 1 branch of the dungeon, and saw 3 of its levels.

You collected 61 gold pieces.

Inventory:

Hand Weapons
 b - a +0 vorpal spear (weapon)
Missiles
 e - 5 javelins
 i - 62 stones (quivered)
Jewellery
 c - a ring of protection from fire (left hand)
 d - an amulet of guardian spirit (around neck)
Scrolls
 a - 2 scrolls of teleportation {unknown}
 j - 4 scrolls of identify {unknown}
 l - a scroll of enchant weapon {unknown}
 m - a scroll of blinking {unknown}
Potions
 f - 2 potions of invisibility {unknown}
 g - 2 potions of ambrosia {unknown}
 h - 3 potions of heal wounds {unknown}
 k - a potion of curing {unknown}
 n - a potion of degeneration {unknown}
 o - a potion of brilliance {unknown}
 p - a potion of haste {unknown}


   Skills:
 + Level 2.6 Fighting
 + Level 2.8 Dodging
 - Level 3.1 Unarmed Combat
 + Level 2.9 Spellcasting
 + Level 3.0 Transmutations
 + Level 0.9 Poison Magic


You had 6 spell levels left.
You knew the following spells:

 Your Spells              Type           Power      Damage    Failure   Level
a - Beastly Appendage     Tmut           18%        N/A       7%          1
b - Wereblood             Tmut           9%         N/A       10%         2

Your spell library contained the following spells:

 Spells                   Type           Power      Damage    Failure   Level
 Spider Form              Tmut/Pois      3%         N/A       30%         3
 Dazzling Flash           Conj/Hex       2%         N/A       56%         3
 Ice Form                 Ice/Tmut       5%         N/A       77%         4
 Agony                    Necr           1%         N/A       100%        5
 Silence                  Hex/Air        0%         N/A       100%        5


Dungeon Overview and Level Annotations

Branches:
Dungeon (3/15)

Altars:


Innate Abilities, Weirdness & Mutations

You have temporarily grown beastly horns and talons.
Your plain brown scales are hard. (AC +5)
You cannot fit into any form of body armour.
You are cold-blooded and may be slowed by cold attacks.


Message History

You hit the quokka but do no damage. You claw the quokka.
You kill the quokka!
You howl as the wereblood boils in your veins!
Reach: b) +0 spear (vorpal)
Press: ? - help, Dir - move target, f - rat
Aim: a rat (about 38% to evade your +0 vorpal spear)
The ice beast is in the way.
You hit the ice beast. Your headbutt misses the ice beast.
The ice beast is lightly wounded.
The ice beast closely misses you.
Reach: b) +0 spear (vorpal)
Press: ? - help, Dir - move target, f/p - rat
Aim: a rat (black smoke, about 38% to evade your +0 vorpal spear)
You reach to attack!
You barely miss the rat.
Your transformation is almost over.
The ice beast hits you. The ice beast freezes you!
Reach: b) +0 spear (vorpal)
Press: ? - help, Dir - move target, f/p - rat
Aim: a rat (about 38% to evade your +0 vorpal spear)
The ice beast is in the way.
You hit the ice beast. Your kick misses the ice beast.
The ice beast is moderately wounded.
The ice beast hits you. The ice beast freezes you!
You feel yourself slow down.
Reach: b) +0 spear (vorpal)
Press: ? - help, Dir - move target, f/p - rat
Aim: a rat (about 38% to evade your +0 vorpal spear)
The ice beast is in the way.
You barely miss the ice beast. Your kick misses the ice beast.
You headbutt the ice beast. You tail-slap the ice beast.
The ice beast is heavily wounded.
You howl as the wereblood boils in your veins!
The ice beast hits you. The ice beast freezes you!
The ice beast hits you but does no damage.
You closely miss the ice beast.
Your tail-slap misses the ice beast.
The ice beast is heavily wounded.
You feel yourself speed up. The ice beast hits you.
* * * LOW HITPOINT WARNING * * *
The ice beast freezes you!
You die...

##§≈≈...§
##≈§§§....
#≈≈....≈..
##≈..≈≈≈.≈.
#≈≈..≈...≈.
#≈...≈?≈.≈.
###≈...≈...≈. ..
#.@Yr..≈.≈≈≈. ##..
#.#≈....§§... #...
#.#≈≈...§./.≈ ##...
#.##≈≈§§§.§§§##....
#.###≈§§§≈≈###....
#.# #########.##.##
#.#########...##...
#.........#......##
#####..##...#....##


You could see an ice beast and a rat.

Vanquished Creatures
  Jessica (D:2)
  An orc wizard (D:3)
  An adder (D:2)
  3 worms (D:2)
  3 dart slugs
  4 orcs (D:3)
  7 bats
  5 endoplasms
  2 giant cockroaches (D:1)
  12 goblins
  3 hobgoblins
  5 jackals (D:2)
  5 kobolds
  3 quokkas
  9 ball pythons
  5 frilled lizards
  8 rats
77 creatures vanquished.

Notes
Turn   | Place    | Note
-------+----------+-------------------------------------------
     0 | D:1      | AZSletch the Draconian Transmuter began the quest for the
                  | Orb.
     0 | D:1      | Reached XP level 1. HP: 16/16 MP: 3/3
   146 | D:1      | Reached XP level 2. HP: 20/23 MP: 3/5
   356 | D:1      | Learned a level 2 spell: Wereblood
   512 | D:1      | Reached XP level 3. HP: 29/29 MP: 2/6
   964 | D:2      | Noticed Jessica
   973 | D:2      | Killed Jessica
   974 | D:2      | Reached XP level 4. HP: 30/36 MP: 3/7
  1981 | D:3      | Reached XP level 5. HP: 42/42 MP: 6/9
  2328 | D:3      | Noticed an ice beast
  2344 | D:3      | Slain by an ice beast

Illustrated notes

Levels and vault maps discovered:
D:1:      dpeg_arrival_tiny_a, layout_rooms
D:2:      layout_basic, minmay_misc_feat_iff, minmay_quadrilaterals,
          uniq_jessica
D:3:      layout_rooms, kennysheep_potato

Skill      XL: |  1  2  3  4 |
---------------+-------------+-----
Dodging        | 2 |  2.8
Fighting       | 2 |  2.6
Transmutations | 3 |  3.0
Unarmed Combat | |  3.1
Spellcasting   | |  2.9
Poison Magic   | |  0.9

Action                   |  1- 3 |  4- 6 || total
-------------------------+-------+-------++-------
Melee: Unarmed           |    19 |       ||    19
       Kick              |    10 |     9 ||    19
       Headbutt          |     3 |     5 ||     8
       Spear             |    79 |    90 ||   169
       Tailslap          |     2 |    10 ||    12
       Punch             |       |     2 ||     2
Throw: Stone             |     3 |    14 ||    17
       Javelin           |       |     2 ||     2
 Cast: Beastly Appendage |     9 |    10 ||    19
       Wereblood         |     3 |    10 ||    13
 Stab: Sleeping          |     1 |     1 ||     2
Armor: Skin              |    35 |    31 ||    66
Dodge: Dodged            |    62 |    56 ||   118
